Map: Rainfall LE

Players

Lambo

  • Race: Zerg Zerg
  • Spawn Location: 5:00

Serral - Winner!

  • Race: Zerg Zerg
  • League: Master
  • Spawn Location: 11:00

VOD

Have the link to the VOD?

Description

Time

  • Played on: July 5, 2026, 11:56 a.m.
  • Length: 16:16
Show
View Real Time Build Order
Export as new Build Order

Lambo Zerg 

Build Orders: 1 Base Baneling Bust, Pool First 

Get SALT Encoding   

  8  0:00  Drone  
  9  0:10  Drone  
  10  0:15  Drone  
  11  0:36  Spawning Pool  
  11  0:42  Drone  
  11  0:46  Drone  
  12  0:52  Extractor  
  12  0:53  Drone  
  12  1:04  Overlord  
  12  1:23  Zergling x6  
  15  1:33  Zergling x2  
  15  1:38  Baneling Nest  
  15  1:43  Zergling x2  
  16  1:53  Zergling x2  
  17  2:07  Zergling x2  
  18  2:14  Zergling x2  
  19  2:21  Baneling  
  19  2:22  Baneling  
  19  2:28  Zergling x2  
  20  2:40  Baneling  
  20  2:41  Baneling  
  20  2:44  Overlord  
  20  3:01  Queen  
  20  3:03  Drone x3  
  21  3:17  Drone  
  22  3:23  Drone  
  23  3:33  Hatchery  
  22  3:38  Drone  
  23  3:42  Drone  
  24  4:01  Queen  
  24  4:02  Overlord  
  26  4:04  Drone  
  27  4:20  Drone x4  
  31  4:31  Drone  
  32  4:40  Drone  
  32  4:43  Metabolic Boost  
  32  4:45  Drone x4  
  37  4:53  Drone  
  37  4:56  Overlord  
  38  5:05  Overlord  
  38  5:06  Overlord  
  38  5:14  Overlord  
  38  5:17  Drone x5  
  38  5:20  Overlord  
  43  5:30  Lair  
  43  5:31  Zergling x4  
  43  5:34  Extractor  
  44  5:37  Drone x3  
  45  5:47  Drone  
  45  5:48  Drone x3  
  49  5:51  Extractor x2  
  49  5:56  Drone x3  
  50  5:59  Drone x2  
  51  6:12  Drone x2  
  51  6:18  Hatchery  
  52  6:21  Drone x3  
  52  6:25  Drone  
  56  6:29  Spire, Zergling x4  
  57  6:37  Zergling x2  
  58  6:40  Overlord  
  58  6:41  Spine Crawler  
  57  6:50  Zergling x8  
  61  7:00  Evolution Chamber  
  60  7:03  Zergling x2  
  60  7:04  Zergling x6  
  64  7:12  Overlord  
  64  7:18  Evolution Chamber  
  64  7:20  Overlord, Evolution Chamber  
  61  7:24  Overlord  
  61  7:26  Zerg Melee Weapons Level 1  
  61  7:27  Overlord  
  59  7:35  Mutalisk x4  
  59  7:36  Mutalisk x3  
  73  7:47  Mutalisk  
  74  7:54  Mutalisk  
  74  7:55  Zergling x6  
  73  8:00  Zergling x10  
  73  8:03  Zergling x2  
  70  8:14  Spire  
  56  8:34  Spire  
  56  8:35  Drone x5  
  59  8:45  Drone x3  
  63  8:48  Drone x2  
  63  8:51  Overseer  
  63  8:53  Drone  
  63  8:56  Zerg Ground Armor Level 1  
  63  8:59  Drone  
  63  9:01  Drone x2  
  66  9:05  Drone x2  
  66  9:07  Drone  
  69  9:12  Drone x3  
  72  9:19  Overlord  
  69  9:24  Pneumatized Carapace  
  66  9:35  Overlord  
  66  9:37  Drone x6  
  72  9:39  Zerg Melee Weapons Level 2  
  72  9:42  Zerg Flyer Weapons Level 1  
  72  9:45  Mutalisk  
  72  9:48  Mutalisk  
  72  9:51  Queen  
  78  9:55  Drone x2  
  80  10:01  Mutalisk  
  80  10:03  Baneling Nest, Zergling x2  
  80  10:06  Extractor, Drone x2  
  82  10:08  Drone  
  82  10:11  Drone  
  82  10:13  Queen  
  86  10:17  Overseer  
  86  10:18  Mutalisk  
  88  10:22  Zergling x2  
  88  10:23  Zergling x2  
  88  10:28  Mutalisk  
  90  10:31  Drone x2, Queen  
  90  10:34  Mutalisk, Extractor  
  97  10:39  Overlord  
  97  10:41  Zergling x2  
  98  10:49  Mutalisk  
  100  10:55  Mutalisk  
  102  10:58  Drone x2  
  102  10:59  Hatchery  
  102  11:01  Mutalisk  
  102  11:03  Centrifugal Hooks  
  105  11:06  Zergling x10  
  105  11:11  Mutalisk  
  110  11:13  Drone  
  110  11:15  Mutalisk  
  115  11:19  Drone  
  115  11:24  Mutalisk  
  118  11:27  Drone  
  119  11:33  Zergling x8  
  119  11:36  Mutalisk  
  125  11:42  Zerg Flyer Weapons Level 2  
  125  11:44  Zergling x2  
  125  11:45  Zergling x2  
  126  11:55  Mutalisk  
  126  11:56  Mutalisk x2  
  126  11:59  Zergling x4  
  132  12:09  Overlord  
  132  12:11  Overlord  
  132  12:12  Overlord  
  132  12:14  Overlord  
  131  12:17  Extractor  
  131  12:18  Overlord  
  131  12:19  Drone x6, Extractor  
  135  12:26  Drone  
  135  12:29  Overlord  
  136  12:31  Mutalisk x4  
  136  12:35  Infestation Pit, Drone  
  144  12:37  Hatchery  
  144  12:38  Baneling x4  
  143  12:44  Drone x2  
  143  12:50  Drone x3  
  148  12:54  Mutalisk x2  
  152  12:59  Zergling x8  
  152  13:02  Drone x2  
  158  13:07  Mutalisk x2  
  160  13:13  Zergling x10  
  160  13:19  Zergling x8  
  166  13:21  Baneling x2  
  166  13:23  Baneling x7  
  166  13:26  Baneling  
  166  13:29  Hive  
  166  13:30  Drone  
  166  13:31  Drone  
  166  13:32  Drone  
  169  13:40  Drone x6  
  175  13:48  Baneling x2, Mutalisk x2  
  175  13:50  Overlord  
  179  14:04  Spine Crawler  
  179  14:05  Overseer  
  179  14:08  Hatchery  
  179  14:09  Drone x3  
  180  14:10  Drone  
  180  14:11  Drone  
  180  14:17  Zergling x12  
  187  14:18  Baneling x5  
  156  14:46  Zergling x34  
  146  14:53  Mutalisk  
  146  14:54  Mutalisk x8  
  146  14:58  Ultralisk Cavern  
  161  15:08  Drone x6  
  161  15:11  Zergling x2  
  161  15:13  Baneling x7  
  168  15:19  Mutalisk x3  
  171  15:25  Overlord  
  171  15:27  Overlord  
  171  15:28  Baneling x3  
  170  15:32  Overlord  
  170  15:35  Overlord  
  170  15:41  Zergling x4  
  170  15:42  Zergling x4  
  171  15:43  Hatchery  
  171  15:45  Baneling x8  
  171  15:47  Zergling x18  
  174  15:50  Baneling  
  174  15:51  Baneling x2  
  174  15:52  Zergling x14  
Show
View Real Time Build Order
Export as new Build Order

Serral Zerg - Winner!

Build Orders: Pool First, Lurkers 

Get SALT Encoding   

  8  0:00  Drone  
  9  0:10  Drone  
  10  0:16  Drone  
  11  0:27  Overlord  
  11  0:32  Drone  
  12  0:46  Drone x2  
  14  0:50  Drone  
  15  1:00  Drone  
  16  1:07  Spawning Pool  
  16  1:11  Drone  
  16  1:20  Drone  
  17  1:35  Hatchery  
  16  1:40  Overlord  
  16  1:54  Queen  
  16  1:56  Drone  
  16  1:57  Extractor  
  16  2:00  Drone  
  19  2:03  Drone  
  20  2:10  Zergling x2  
  22  2:18  Spine Crawler  
  22  2:20  Zergling x2  
  22  2:22  Extractor  
  21  2:29  Spine Crawler  
  20  2:37  Queen  
  20  2:41  Zergling x4  
  25  2:46  Roach Warren  
  24  2:55  Overlord  
  24  3:00  Drone  
  25  3:07  Drone x2  
  25  3:10  Drone  
  27  3:26  Roach x2  
  31  3:37  Roach  
  33  3:43  Roach  
  33  3:47  Extractor  
  33  3:48  Roach  
  37  3:58  Hatchery  
  36  4:04  Evolution Chamber  
  36  4:06  Drone  
  36  4:12  Overlord  
  36  4:17  Extractor, Drone  
  37  4:30  Zerg Missile Weapons Level 1, Drone x2  
  39  4:36  Overlord  
  39  4:38  Drone  
  39  4:45  Drone x2  
  42  4:49  Extractor  
  41  4:56  Lair  
  41  5:00  Drone  
  41  5:01  Drone  
  41  5:04  Drone  
  43  5:12  Drone  
  44  5:15  Drone  
  44  5:18  Drone x3  
  48  5:23  Drone  
  49  5:32  Overlord, Drone  
  50  5:35  Drone  
  50  5:41  Drone  
  51  5:43  Queen  
  51  5:49  Drone x3, Extractor  
  55  5:54  Drone x2  
  57  6:00  Nydus Network  
  57  6:04  Drone x2  
  58  6:06  Glial Reconstitution  
  58  6:09  Overlord  
  59  6:12  Roach x2  
  59  6:14  Roach  
  64  6:24  Zerg Ground Armor Level 1  
  64  6:25  Overlord  
  64  6:29  Roach x3  
  64  6:30  Overseer  
  70  6:38  Roach  
  72  6:40  Overlord  
  72  6:50  Hatchery  
  72  6:51  Roach x2  
  75  6:56  Overlord  
  75  6:57  Overlord  
  75  7:02  Roach x2  
  75  7:07  Overlord  
  79  7:19  Roach x2  
  79  7:20  Roach x2  
  87  7:23  Overlord  
  87  7:25  Roach x2  
  87  7:27  Roach  
  93  7:33  Tunneling Claws, Burrow  
  93  7:45  Drone x5  
  98  7:55  Drone x4  
  100  7:58  Overlord  
  96  8:06  Drone x5  
  96  8:10  Overlord  
  96  8:11  Roach  
  95  8:14  Drone x2  
  95  8:15  Queen  
  95  8:16  Queen  
  93  8:21  Roach  
  93  8:22  Roach  
  93  8:23  Roach  
  93  8:25  Roach  
  91  8:27  Roach  
  91  8:29  Roach, Ravager  
  91  8:33  Roach x2  
  97  8:36  Spore Crawler  
  97  8:38  Spore Crawler  
  97  8:40  Spore Crawler  
  90  8:42  Roach x2  
  90  8:47  Roach x3  
  98  8:50  Roach  
  98  8:54  Queen  
  100  8:57  Queen  
  100  9:01  Roach x8  
  100  9:02  Zerg Missile Weapons Level 2  
  102  9:05  Drone x2  
  102  9:07  Drone  
  102  9:09  Roach x2  
  111  9:10  Roach  
  111  9:12  Roach, Overlord  
  111  9:14  Roach  
  113  9:18  Queen  
  113  9:21  Roach  
  113  9:23  Roach x2  
  119  9:30  Queen  
  121  9:38  Infestation Pit  
  116  9:40  Drone x7  
  116  9:41  Drone x3, Extractor  
  116  9:45  Extractor  
  124  9:46  Extractor  
  124  9:47  Overlord  
  124  9:51  Overlord  
  124  9:52  Drone x4  
  127  9:57  Spore Crawler  
  127  9:58  Spore Crawler  
  127  9:59  Overlord  
  125  10:01  Drone x3  
  125  10:03  Roach x5  
  128  10:14  Spore Crawler  
  128  10:16  Hive, Overlord  
  128  10:18  Infestor x3  
  133  10:24  Overseer  
  133  10:26  Roach x4  
  141  10:34  Spore Crawler  
  140  10:38  Hatchery  
  140  10:39  Hydralisk Den  
  140  10:40  Spore Crawler  
  140  10:42  Drone  
  138  10:43  Roach x2  
  138  10:49  Overseer, Overlord  
  142  10:50  Overlord x2  
  142  10:53  Roach  
  142  10:55  Drone  
  145  11:02  Spore Crawler  
  145  11:04  Infestor  
  144  11:10  Muscular Augments, Lurker Den  
  146  11:11  Drone x6  
  146  11:14  Infestor x4  
  146  11:15  Drone x3  
  154  11:20  Spore Crawler  
  154  11:21  Overlord  
  154  11:24  Overlord  
  153  11:34  Drone x2  
  153  11:35  Viper x2  
  161  11:40  Extractor  
  161  11:41  Spore Crawler  
  161  11:43  Spore Crawler, Extractor, Drone x3  
  160  11:48  Roach x3  
  160  11:49  Drone x4  
  164  11:59  Hydralisk x5  
  172  12:02  Spore Crawler  
  172  12:04  Viper  
  174  12:11  Overlord  
  174  12:13  Zerg Ground Armor Level 2  
  174  12:14  Grooved Spines  
  174  12:15  Drone  
  174  12:17  Hydralisk x2  
  174  12:18  Hydralisk x2  
  174  12:19  Spore Crawler  
  174  12:20  Overlord  
  174  12:22  Infestor x4  
  176  12:27  Hydralisk  
  176  12:28  Hydralisk x2  
  182  12:32  Seismic Spines  
  182  12:48  Lurker x3  
  182  12:50  Roach x3  
  185  13:02  Lurker x3  
  188  13:06  Overseer  
  186  13:15  Hydralisk x4  
  192  13:20  Pneumatized Carapace  
  188  13:28  Lurker x2  
  188  13:29  Lurker, Adaptive Talons  
  191  13:34  Spine Crawler x2  
  191  13:35  Hydralisk x2  
  191  13:36  Spine Crawler  
  191  13:39  Hatchery  
  191  13:42  Lurker  
  191  13:44  Roach x16  
  191  13:45  Spore Crawler  
  191  13:51  Hydralisk x3  
  191  13:54  Overseer  
  197  13:55  Overseer  
  197  14:12  Roach x2  
  197  14:13  Hydralisk, Roach x2  
  194  14:31  Infestor x3  
  194  14:35  Hydralisk x3  
  184  14:52  Hydralisk x12  
  177  14:53  Unknown  
  177  14:54  Roach x3  
  177  14:55  Roach  
  191  15:00  Hydralisk x4, Roach x3  
  191  15:01  Roach  
  191  15:17  Drone x3  
  194  15:25  Hydralisk x7  
  200  15:37  Spore Crawler x2  
  200  15:38  Spore Crawler  
  192  15:47  Hydralisk x4  
Tags
 
Composition
Lurkers
League
Master
Matchup
ZvZ
Race
Zerg
Replay Pack
hsc29
Spawn Locations
Cross Positions
Add a new tag
Caveats
  • Supply blocks, unpowered buildings, or Contaminate may cause inaccurate times.
  • Supply counts are checked every 10 seconds.